 Dungeon Sprint DCSS version 0.27.1-33-g824d729ab1 (webtiles) character file.

Game seed: 16626709599502962089

441 Adenis the Basher (level 6, -2/106 HPs)
             Began as a Troll Berserker on Dec 4, 2021.
             Was a Believer of Trog.
             Slain by Sonja (4 damage)
             ... in the Dungeon (Sprint I: "Red Sonja").
             The game lasted 00:01:43 (693 turns).

Adenis the Basher (Troll Berserker)                  Turns: 693, Time: 00:01:44

Health: -2/106     AC:  4    Str: 28    XL:     6   Next: 71%
Magic:  5/5        EV: 11    Int:  3    God:    Trog [**....]
Gold:   297        SH:  0    Dex:  9    Spells: 5/5 levels left

rFire    . . .     SeeInvis .   i - +4 club
rCold    . . .     Faith    .   (no shield)
rNeg     . . .     Spirit   .   b - +0 animal skin
rPois    .         Reflect  .   (helmet restricted)
rElec    .         Harm     .   (no cloak)
rCorr    .         Rampage  .   (gloves unavailable)
Will     .....     NoTele   +   (boots unavailable)
Stlth    ..........             (no amulet)
HPRegen  1.27/turn              (no ring)
MPRegen  0.09/turn              (no ring)

@: berserking (expiring), lethally poisoned (-2 -> -38), slowed
A: large, unfitting armour, claws 3, regeneration 1, shaggy fur 1, tough skin 1
a: Renounce Religion, Berserk, Trog's Hand


You were in the Dungeon.
You worshipped Trog.
Trog was pleased with you.
You visited 1 branch You collected 297 gold pieces.

Inventory:

Hand Weapons
 a - a +0 mace
 i - a +4 club (weapon)
Armour
 b - a +0 animal skin (worn)
Scrolls
 h - a scroll of blinking
Potions
 c - a potion of curing
 d - a potion of heal wounds
 e - a potion of haste
 f - 2 potions of magic
 g - 2 potions of berserk rage
 j - a potion of lignification {unknown}
 k - a potion of resistance {unknown}


   Skills:
 + Level 7.5 Fighting
 + Level 8.2 Maces & Flails
 + Level 7.3 Dodging
 + Level 0.1 Stealth


You had 5 spell levels left.
You didn't know any spells.
Your spell library was empty.

Dungeon Overview and Level Annotations

Branches:
Dungeon (1/1)

Altars:
Cheibriados
Dithmenos
Elyvilon
Fedhas
Gozag
Hepliaklqana
Kikubaaqudgha
Nemelex Xobeh
Okawaru
Qazlal
Ru
Sif Muna
Trog
Uskayaw
Vehumet
Wu Jian
Yredelemnul
Zin
The Shining One

Shops:
D (

Annotations:
D Sonja


Innate Abilities, Weirdness & Mutations

You are too large for most types of armour.
You have claws for hands.
Your natural rate of healing is unusually fast.
You are covered in fur. (AC +1)
You have tough skin. (AC +1)


Message History

You miss Sonja.
You feel extremely sick.
Sonja zaps a wand.
The puff of flame hits you.
You completely miss Sonja.
You feel very sick.
Sonja hits you with a +2 dagger of venom. x2
You are more poisoned.
Sonja hits you with a +2 dagger of venom.
You closely miss Sonja.
You feel extremely sick.
Sonja zaps a wand.
The puff of flame misses you.
Sonja casts a spell.
Sonja blinks!
You feel very sick.
Sonja throws a curare-tipped dart.
The curare-tipped dart hits you.
You are more poisoned.
You have difficulty breathing.
You feel as though you will be slow longer.
You feel a strong urge to attack something.
You feel extremely sick.
You closely miss Sonja.
You feel very sick.
Sonja hits you with a +2 dagger of venom!
* * * LOW HITPOINT WARNING * * *
You are more poisoned.
Sonja hits you with a +2 dagger of venom.
* * * LOW HITPOINT WARNING * * *
You are more poisoned.
Sonja completely misses you.
Sonja zaps a wand.
The puff of flame hits you.
* * * LOW HITPOINT WARNING * * *
You are too berserk!
You completely miss Sonja.
* * * LOW HITPOINT WARNING * * *
You feel extremely sick. Sonja hits you but does no damage.
You are more poisoned.
Sonja hits you but does no damage.
You are more poisoned.
Sonja hits you with a +2 dagger of venom.
You die...

#..#####'#####'#
#..####..#...#.#
#..#__####..##.#
#..#_____##'#_.+
#⌠⌠#_.∩...†..._#
####_..__##_.#'#
#_____###'#.#
#########.###


+$@$+ #$K$# ##.## #+# You could see Sonja.

Vanquished Creatures
  Sigmund (D)
  A yak (D)
  An ogre (D)
  A jelly (D)
  Ijyb (D)
5 creatures vanquished.

Notes
Turn   | Place    | Note
-------+----------+-------------------------------------------
     0 | D        | Adenis the Troll Berserker began the quest for the Orb.
     0 | D        | Reached XP level 1. HP: 22/22 MP: 0/0
     2 | D        | Noticed Ijyb
     8 | D        | Killed Ijyb
     9 | D        | Reached skill level 4 in Maces & Flails
     9 | D        | Reached XP level 2. HP: 32/32 MP: 1/1
   347 | D        | Noticed an ogre
   350 | D        | Killed an ogre
   351 | D        | Reached skill level 5 in Fighting
   351 | D        | Reached skill level 5 in Maces & Flails
   351 | D        | Reached skill level 5 in Dodging
   351 | D        | Reached XP level 3. HP: 42/42 MP: 2/2
   351 | D        | Reached XP level 4. HP: 50/50 MP: 3/3
   507 | D        | Noticed Sigmund
   515 | D        | Killed Sigmund
   515 | D        | Reached ** piety under Trog
   516 | D        | Reached skill level 7 in Maces & Flails
   516 | D        | Reached XP level 5. HP: 57/61 MP: 4/4
   516 | D        | Reached XP level 6. HP: 63/68 MP: 5/5
   567 | D        | Found an ornate altar of the Wu Jian Council.
   567 | D        | Found a shimmering blue altar of Sif Muna.
   569 | D        | Found a radiant altar of Vehumet.
   636 | D        | Found Enusk's Antique Weapon Emporium.
   636 | D        | Found an ancient bone altar of Kikubaaqudgha.
   636 | D        | Found a hazy altar of Hepliaklqana.
   636 | D        | Found a stormy altar of Qazlal.
   636 | D        | Found a hide-covered altar of Uskayaw.
   636 | D        | Found a blossoming altar of Fedhas.
   636 | D        | Found a bloodstained altar of Trog.
   636 | D        | Found an iron altar of Okawaru.
   636 | D        | Found a basalt altar of Yredelemnul.
   636 | D        | Found a glowing golden altar of the Shining One.
   636 | D        | Found a snail-covered altar of Cheibriados.
   636 | D        | Found a sacrificial altar of Ru.
   636 | D        | Found a glowing silver altar of Zin.
   636 | D        | Found a shadowy altar of Dithmenos.
   636 | D        | Found a white marble altar of Elyvilon.
   636 | D        | Noticed a yak
   645 | D        | Killed a yak
   646 | D        | Reached skill level 8 in Maces & Flails
   646 | D        | Found an opulent altar of Gozag.
   647 | D        | Found a sparkling altar of Nemelex Xobeh.
   684 | D        | Noticed Sonja
   693 | D        | HP: 2/106 [poisoned by Sonja]
   693 | D        | Slain by Sonja

Illustrated notes

Levels and vault maps discovered:
D:        dungeon_sprint_1 [red_sonja_temple_1, red_sonja_temple_small_1]

Skill      XL: |  1  2  3  4  5  6 |
---------------+-------------------+-----
Fighting       | 3 5 6 7 |  7.5
Maces & Flails | 4 5 7 8 |  8.2
Dodging        | 3 5 6 7 |  7.3
Stealth        | |  0.1

Action                   |  1- 3 |  4- 6 || total
-------------------------+-------+-------++-------
Melee: Mace              |     5 |       ||     5
       Club              |     2 |    20 ||    22
Invok: Berserk           |     2 |     4 ||     6
Armor: Animal skin       |       |     4 ||     4
Dodge: Dodged            |     2 |     7 ||     9
